AoeStats
← harooooo

Four Lakes

507956649Analyzed
1v1 RM · 13d ago on Sep 20, 2026· 46m 16s· 2 players
Game mode
Random Map
Map size
Tiny (2 player)
Population
200
Speed
Normal
Resources
Standard
Victory
Conquest
Starting age
Dark Age
Ending age
Imperial Age
RankedLock teamsTeams togetherTeam positionsShared explorationLock speedFull tech treeHidden civsTurbo modeCheats
Victory
Defeat
🇦🇺 Malians · Australia
1786
+20
🇧🇦 Maya · Bosnia & Herzegovina
1872
-20
ClockWork
8:11 Loom
10:09 Feudal Age
11:40 Double-Bit Axe
19:53 Castle Age
18:59 Horse Collar
19:09 Gold Mining
19:51 Fletching
20:40 Bloodlines
20:01 Crossbowman
20:40 Fishing Lines
23:13 Bodkin Arrow
26:27 Medium Warships
30:12 Wheelbarrow
31:11 Town Watch
31:49 Forging
32:50 Scale Mail Armor
33:27 Iron Casting
34:05 Scale Mail Armor
35:36 Squires
36:01 Hand Cart
36:50 Chain Mail Armor
39:14 Imperial Age
38:24 Padded Archer Armor
38:12 Arson
38:24 Gillnets
40:02 Elite Gbeto
40:56 Bloodlines
40:07 Light Cavalry
40:47 Husbandry
41:13 Farimba
42:12 Cavalier
42:58 Scale Barding Armor
43:31 Plate Mail Armor
43:55 Heavy Plow
45:10 Chemistry
44:32 Ballistics
45:12 Conscription
45:42 Chain Barding Armor
harooooo
0:25 Loom
9:34 Feudal Age
10:31 Double-Bit Axe
11:35 Fishing Lines
17:22 Castle Age
17:26 Scale Mail Armor
18:18 Forging
18:37 Squires
18:11 Eagle Warrior
19:32 Bow Saw
19:38 Gillnets
21:35 Gold Mining
24:44 Chain Mail Armor
29:30 Arson
31:41 Iron Casting
32:08 Horse Collar
37:16 Imperial Age
35:10 Crossbowman
35:41 Fletching
36:49 Bodkin Arrow
36:54 Padded Archer Armor
38:32 Plate Mail Armor
38:47 Bracer
42:23 Chemistry
41:47 Ballistics
41:49 Conscription
42:58 Chemistry
41:34 Arbalester
43:13 Wheelbarrow
44:15 Wheelbarrow
44:26 Plate Mail Armor
44:01 Stone Mining
Connection lost

Rejoining the realm…

Still unreachable

The connection could not be restored.

Session expired

The server has moved on; the page needs a fresh start.